 Dungeon Crawl Stone Soup version 0.29-a0-613-gf2c431b9b9 (console) character file.

Game seed: 732907370926109237

3046 om the Carver (level 9, -3/72 HPs)
             Began as a Merfolk Berserker on June 16, 2022.
             Was a Priest of Trog.
             Slain by a two-headed ogre
             ... wielding a +0 dire flail
              (11 damage)
             ... on level 7 of the Dungeon.
             The game lasted 00:22:52 (8999 turns).

om the Carver (Merfolk Berserker)                   Turns: 8999, Time: 00:22:53

Health: -3/72      AC:  9    Str: 18    XL:     9   Next: 87%
Magic:  9/9        EV: 14    Int:  6    God:    Trog [***...]
Gold:   426        SH:  0    Dex: 17    Spells: 8/8 levels left

rFire   . . .      SeeInvis .   a - +5 sword of Power {vorpal}
rCold   + . .      Faith    .   (shield currently unavailable)
rNeg    . . .      Spirit   .   x - +2 robe {rC+}
rPois   .          Reflect  .   g - +0 helmet
rElec   .          Harm     .   i - +2 cloak {Will+}
rCorr   .          Rampage  .   r - +0 pair of gloves
Will    +....                   (no boots)
Stlth   ++........              (no amulet)
HPRegen 0.22/turn               (no ring)
MPRegen 0.11/turn               (no ring)

@: lethally poisoned (-3 -> -15), on berserk cooldown
A: (nimble swimmer 2), mertail
a: Renounce Religion, Berserk, Trog's Hand


You were on level 7 of the Dungeon.
You worshipped Trog.
Trog was most pleased with you.
You visited 1 branch of the dungeon, and saw 7 of its levels.

You collected 426 gold pieces.

Inventory:

Hand Weapons
 a - the +5 sword of Power (weapon) {vorpal}
   (You acquired it on level 5 of the Dungeon)

   It inflicts extra damage upon your enemies.
   It occasionally discharges a powerful but inaccurate bolt of energy upon
   striking a foe, with increased chance the greater the wielder's current
   health.
 b - a +0 falchion of flaming
Armour
 g - a +0 helmet (worn)
 i - a +2 cloak of willpower (worn)
 r - a +0 pair of gloves (worn)
 x - a +2 robe of cold resistance (worn)
Wands
 s - a wand of flame (38)
 y - a wand of charming (7)
Scrolls
 c - 2 scrolls of poison
 e - a scroll of fog
 f - 3 scrolls of identify
 h - 2 scrolls of magic mapping {unknown}
 l - 2 scrolls of brand weapon
 n - 2 scrolls of silence
 o - a scroll of vulnerability {unknown}
 q - 4 scrolls of teleportation
 w - a scroll of enchant weapon {unknown}
Potions
 d - 5 potions of curing
 j - a potion of heal wounds
 k - a potion of might
 m - 2 potions of mutation {unknown}
 p - a potion of magic
 t - 2 potions of attraction {unknown}
 u - a potion of degeneration {unknown}
 v - a potion of lignification {unknown}
 z - a potion of resistance {unknown}


   Skills:
 - Level 7.5 Fighting
 * Level 13.0 Long Blades
 - Level 4.0 Armour
 - Level 4.0 Dodging


You had 8 spell levels left.
You didn't know any spells.
Your spell library was empty.

Dungeon Overview and Level Annotations

Branches:
Dungeon (7/15)             Temple (0/1) D:7

Altars:
Dithmenos

Shops:
D:6 *([

Annotations:
D:7 2 transporters, croobank's ghost, weakling GnDe


Innate Abilities, Weirdness & Mutations

((You are very nimble when in or above water. (Stealth+, EV+, Speed+++)))
Your lower body shifts to a powerful aquatic tail in water.


Message History

The centaur shouts!
The centaur unwields the +8 halberd of Royalism {venom, Drain Str+8 Int+2}.
It stops dripping with poison.
The centaur wields a +0 shortbow.
The centaur shoots an arrow.
The arrow hits you.
The centaur shoots an arrow.
The arrow hits you.
You see here a potion of brilliance.
The centaur shoots an arrow.
The arrow completely misses you.
The centaur shoots an arrow.
The arrow misses you.
The centaur shoots an arrow.
The arrow hits you!
The centaur shoots an arrow.
The arrow hits you.
The centaur unwields a +0 shortbow.
The centaur wields the +8 halberd of Royalism {venom, Drain Str+8 Int+2}.
It begins to drip with poison!
The centaur misses you. The centaur barely misses you.
The centaur hits you with the +8 halberd of Royalism {venom, Drain Str+8 Int+2}.
The centaur kicks you but does no damage.
The centaur hits you with the +8 halberd of Royalism {venom, Drain Str+8 Int+2}!
The centaur misses you.
You slash the centaur!
The bolt of energy hits the centaur.
The centaur is severely wounded. x2
You feel yourself speed up. The centaur closely misses you.
The centaur kicks you but does no damage.
A two-headed ogre comes into view.
It is wielding a +0 dire flail and a +0 giant club.
A slime creature comes into view.
The centaur closely misses you.
The centaur kicks you but does no damage.
The slime creature moves out of view.
You barely miss the centaur.
The centaur is severely wounded.
The centaur barely misses you. x2
The two-headed ogre hits you with a +0 dire flail.
The two-headed ogre hits you with a +0 giant club!!
You slash the two-headed ogre!
The two-headed ogre is moderately wounded.
The centaur hits you with the +8 halberd of Royalism {venom, Drain Str+8 Int+2}!
* * * LOW HITPOINT WARNING * * *
You are poisoned.
The centaur kicks you.
* * * LOW HITPOINT WARNING * * *
The centaur misses you. The centaur closely misses you.
The two-headed ogre hits you with a +0 dire flail.
* * * LOW HITPOINT WARNING * * *
The two-headed ogre hits you with a +0 giant club!
You die...

.###### ######.##.......###.....
.# #....#............. .#
##.##...##..#.....#... .##
#...#...#...#.....###. ..####
####...##.....######## #. ..##."
. #.....#.....# #..## ##
...#."##.##.....##.#.## ....##
...##9°. #.......#....###....#
....#.T.##.......##.#.......###
..).##.##.........#...........#
.....#.##....!..@c##.#......###
...#.#+#)#######O#+#.##.......##
.....##.........## #...........#
...#..#.........# ##..........#
...##.##.......## #.........##
#......#.......# ##.......##
#......##.....## #........##
#.......#.....# # ####........#
........##...## .#..#........#
.........#...# ...##.......##
.......#(##.## .####..#)#).....#


You could see a two-headed ogre and a centaur.

Vanquished Creatures
  A gargoyle (D:7)
  An unseen horror (D:7)
  Grinder (D:3)
  A water moccasin (D:7)
  Duvessa (D:6)
  3 ice beasts
  An orc warrior (D:6)
  A black bear (D:6)
  3 ogres
  2 phantoms
  A kobold brigand (D:7)
  2 bullfrogs
  A gnoll sergeant (D:6)
  A necrophage (D:7)
  Dowan (D:6)
  4 electric eels (D:6)
  3 hounds
  A jelly (D:5)
  4 orc priests
  A gnoll shaman (D:7)
  An iguana (D:4)
  7 orc wizards
  8 gnolls
  9 adders
  A shadow imp (D:6)
  A worm (D:5)
  4 dart slugs
  30 orcs
  2 ball pythons
  9 endoplasms
  6 giant cockroaches
  4 goblins
  5 hobgoblins
  8 jackals
  3 quokkas
  7 bats
  2 frilled lizards
  12 kobolds
  7 rats
160 creatures vanquished.

Vanquished Creatures (others)
  28 plants (D:6)
28 creatures vanquished.

Grand Total: 188 creatures vanquished

Notes
Turn   | Place    | Note
-------+----------+-------------------------------------------
     0 | D:1      | om the Merfolk Berserker began the quest for the Orb.
     0 | D:1      | Reached XP level 1. HP: 18/18 MP: 1/1
   493 | D:1      | Reached XP level 2. HP: 17/24 MP: 2/2
   974 | D:1      | Reached XP level 3. HP: 28/30 MP: 3/3
  1840 | D:2      | Reached ** piety under Trog
  2347 | D:3      | Reached XP level 4. HP: 17/38 MP: 4/4
  2585 | D:3      | Found a faded altar of an unknown god.
  2868 | D:3      | Noticed Grinder
  2883 | D:3      | Killed Grinder
  2884 | D:3      | Reached skill level 5 in Fighting
  2884 | D:3      | Reached XP level 5. HP: 16/44 MP: 5/5
  2884 | D:3      | Reached XP level 6. HP: 19/51 MP: 6/6
  4362 | D:5      | Entered Level 5 of the Dungeon
  4378 | D:5      | Reached skill level 4 in Long Blades
  4471 | D:5      | Reached XP level 7. HP: 29/56 MP: 7/7
  4481 | D:5      | Reached skill level 5 in Long Blades
  4764 | D:5      | Reached skill level 6 in Long Blades
  4787 | D:5      | Identified a scroll of acquirement
  4787 | D:5      | Acquired the +5 sword of Power {vorpal}
  4787 | D:5      | Found the +5 sword of Power {vorpal}
  4880 | D:5      | Reached *** piety under Trog
  5163 | D:5      | Reached skill level 7 in Long Blades
  5482 | D:5      | Reached XP level 8. HP: 56/62 MP: 8/8
  5596 | D:5      | Reached skill level 8 in Long Blades
  6466 | D:6      | Noticed Duvessa
  6468 | D:6      | Noticed Dowan
  6487 | D:6      | Killed Duvessa
  6488 | D:6      | Reached skill level 9 in Long Blades
  6489 | D:6      | Killed Dowan
  7081 | D:6      | Found Leumed's Armour Shoppe.
  7350 | D:6      | Reached skill level 10 in Long Blades
  7350 | D:6      | Found Huosisa's General Store.
  7358 | D:6      | Found Gighoekk's Weapon Boutique.
  7395 | D:6      | Reached XP level 9. HP: 71/71 MP: 9/9
  7781 | D:6      | Found a shadowy altar of Dithmenos.
  8174 | D:7      | Reached skill level 11 in Long Blades
  8205 | D:7      | Found a staircase to the Ecumenical Temple.
  8228 | D:7      | Killed an unseen horror
  8417 | D:7      | Reached skill level 12 in Long Blades
  8731 | D:7      | Noticed croobank's ghost (weakling GnDe)
  8747 | D:7      | Found a transporter.
  8754 | D:7      | Noticed a moth of wrath
  8771 | D:7      | Found a transporter.
  8876 | D:7      | Noticed a gargoyle
  8876 | D:7      | Noticed a boulder beetle
  8876 | D:7      | Noticed a troll
  8973 | D:7      | Killed a gargoyle
  8974 | D:7      | Reached skill level 13 in Long Blades
  8992 | D:7      | Identified the +8 halberd of Royalism {venom, Drain Str+8
                  | Int+2}
  8997 | D:7      | Noticed a two-headed ogre
  8999 | D:7      | Slain by a two-headed ogre

Illustrated notes

Levels and vault maps discovered:
D:1:      dpeg_arrival_round_b, layout_basic
D:2:      layout_loops_ring, minmay_misc_feat_alley, st_stairs_7
D:3:      layout_loops_ring, ebering_ecumenical_altar_abandoned,
          minmay_misc_feat_nine_boxes, uniq_grinder
D:4:      layout_gridville, kennysheep_donut
D:5:      layout_loops_ring, amethyst_killhole
D:6:      layout_loops_ring, kennysheep_little_box, serial_shops, shop, shop,
          shop, serial_bayou, serial_bayou_lagoon_b, serial_bayou_shore_b,
          serial_bayou_pond_c, serial_bayou_lagoon_a, serial_park_tiny_pond,
          uniq_duvessa
D:7:      minmay_the_grid_triangle_9x9_rhombus_thin
          [minmay_the_grid_triangle_9x9_empty,
          minmay_the_grid_triangle_9x9_prize_schism,
          minmay_the_grid_triangle_9x9_corrupted_corridor,
          minmay_the_grid_triangle_9x9_empty], layout_cave_pools,
          minmay_temple_entry_offerings, gammafunk_ghost_berserking_beasts

Skill      XL: |  1  2  3  4  5  6  7  8  9 |
---------------+----------------------------+-----
Dodging        | 3 4 |  4.0
Fighting       | 4 5 6 7 |  7.5
Armour         | 3 4 |  4.0
Long Blades    | 4 7 10 13 | 13.0

Action                   |  1- 3 |  4- 6 |  7- 9 || total
-------------------------+-------+-------+-------++-------
Melee: Falchion          |    27 |    43 |    50 ||   120
       Short sword       |    81 |    79 |       ||   160
       Punch             |     3 |       |       ||     3
       Great sword       |       |       |   197 ||   197
       Tailslap          |       |       |     2 ||     2
Invok: Berserk           |     1 |     1 |    11 ||    13
Evoke: Wand              |       |       |     2 ||     2
  Use: Scroll            |       |       |    11 ||    11
       Potion            |       |       |     4 ||     4
 Stab: Sleeping          |     1 |     3 |     4 ||     8
Armor: Animal skin       |    24 |    27 |     3 ||    54
       Robe              |       |       |    76 ||    76
Dodge: Dodged            |    60 |    63 |   223 ||   346

Table legend: (Time is in decaauts)
 A = Elapsed time spent in this place.
 B = Non-inter-level travel time spent in this place.
 C = Inter-level travel time spent in this place.
 D = Time resting spent in this place.
 E = Time spent auto-exploring this place.
 F = Levels seen in this place.
 G = Mean time per level.
                   A        B        C        D        E       F      G
               +--------+--------+--------+--------+--------+-----+--------+
         Total |   9103 |   8800 |    303 |   2623 |   4819 |   7 | 1300.4 |
       Dungeon |   9103 |   8800 |    303 |   2623 |   4819 |   7 | 1300.4 |
               +--------+--------+--------+--------+--------+-----+--------+

Top non-repeatable levels by time:
     D:6: 2021 daAuts
     D:5: 1674 daAuts
     D:1: 1340 daAuts
     D:3: 1306 daAuts
     D:7: 1028 daAuts
     D:2: 983 daAuts
     D:4: 748 daAuts
